 Dungeon Crawl Stone Soup version 0.29-a0-330-g52719c12eb (webtiles) character file.

Game seed: 17228782669282102566

520 tilp the Spear-Bearer (level 7, -3/87 HPs)
             Began as a Merfolk Gladiator on Apr 29, 2022.
             Succumbed to Edmund's poison
             ... on level 5 of the Dungeon.
             The game lasted 00:06:52 (5242 turns).

tilp the Spear-Bearer (Merfolk Gladiator)           Turns: 5242, Time: 00:06:52

Health: -3/87      AC: 23    Str: 17    XL:     7   Next: 21%
Magic:  7/7        EV:  2    Int:  7    God:
Gold:   203        SH:  0    Dex: 15    Spells: 6/6 levels left

rFire   + + .      SeeInvis .   a - +0 trident
rCold   + . .      Faith    .   (no shield)
rNeg    . . .      Spirit   .   (body armour currently unavailable)
rPois   +          Reflect  .   (helmet currently unavailable)
rElec   +          Harm     .   (cloak currently unavailable)
rCorr   +          Rampage  .   (gloves currently unavailable)
Will    .....      NoTele   +   (boots currently unavailable)
Stlth   +.........              (no amulet)
HPRegen 0.24/turn               j - ring of protection from fire
MPRegen 0.10/turn               (no ring)

@: lethally poisoned (-3 -> -28), tree-form, resistant, hasted, invisible, very
quick
A: stationary, stasis, torment immunity, boosted hp, (nimble swimmer 2),
(mertail)
a: no special abilities


You were on level 5 of the Dungeon.
You were a tree.
You visited 1 branch of the dungeon, and saw 5 of its levels.

You collected 203 gold pieces.

Inventory:

Hand Weapons
 a - a +0 trident (weapon)
 b - a +0 halberd
Missiles
 d - 3 throwing nets
 e - a javelin
 o - 2 poisoned darts (quivered)
Armour
 f - a +2 helmet (melded)
 g - a +1 ring mail of cold resistance (melded)
 r - a +1 cloak (melded)
Jewellery
 j - a ring of protection from fire (left branch)
Wands
 h - a wand of flame (12)
Scrolls
 c - 4 scrolls of identify
 m - a scroll of teleportation
 n - 2 scrolls of magic mapping
 q - 3 scrolls of blinking
Potions
 i - 2 potions of resistance


   Skills:
 - Level 6.0 Fighting
 + Level 8.1 Polearms
 - Level 2.0 Throwing
 - Level 4.0 Dodging


You had 6 spell levels left.
You didn't know any spells.
Your spell library contained the following spells:

 Spells                   Type           Power      Damage    Failure   Level
 Sting                    Tmut/Pois      0%         1d3       43%         1
 Poisonous Vapours        Pois/Air       0%         N/A       56%         2
 Olgreb's Toxic Radiance  Pois           0%         N/A       99%         4


Dungeon Overview and Level Annotations

Branches:
Dungeon (5/15)
 Temple: D:4-7

Altars:
Dithmenos
Ru
Uskayaw

Annotations:
D:4 1 runed translucent door, Crazy Yiuf, Grinder
D:5 Edmund


Innate Abilities, Weirdness & Mutations

You are a tree.
Your roots penetrate the ground, keeping you stationary.
You cannot be teleported.
You are immune to unholy pain and torment.
Your maximum health is greatly increased.
Your equipment is partially melded.
((You are very nimble when in or above water. (Stealth+, EV+, Speed+++)))
((Your lower body shifts to a powerful aquatic tail in water.))


Message History

Aim: Edmund, wielding a +2 flail of venom and wearing a +0 chain mail (moderately wounded, can't see you, about 28% to evade your +0 trident)
You hit Edmund.
Edmund is heavily wounded.
Edmund hits you with a +2 flail of venom.
* * * LOW HITPOINT WARNING * * *
You are poisoned.
You closely miss Edmund.
Edmund is heavily wounded.
You feel sick.
You hit Edmund.
Edmund is heavily wounded.
You feel sick. Edmund hits you but does no damage.
You are lethally poisoned!
You catch the helpless Edmund completely off-guard!
You hit Edmund.
Edmund is heavily wounded.
* * * LOW HITPOINT WARNING * * *
You feel sick.
Edmund hits you with a +2 flail of venom.
* * * LOW HITPOINT WARNING * * *
You are more poisoned.
You puncture Edmund!
Edmund is severely wounded.
* * * LOW HITPOINT WARNING * * *
You feel very sick.
Unknown command.
You catch the helpless Edmund completely off-guard!
You hit Edmund but do no damage.
Edmund is severely wounded.
* * * LOW HITPOINT WARNING * * *
You feel very sick. Edmund hits you but does no damage.
You are more poisoned.
You feel protected.
* * * LOW HITPOINT WARNING * * *
You feel very sick.
Unknown command.
You barely miss Edmund.
Edmund is severely wounded.
You die...

#.####### #<.......
)...?..........
#######.##.##.#
###### #.# #
##...<##### #.#
#.........# ...
#.#.#.#.#.#######....
#..........†♣@.......
#.#.#.#.#.#######...
#............
#..#.#.#.#..##
#...........#
#.?#.#.#.#.##
...........
..........


You could see Edmund (can't see you).

Vanquished Creatures
  Duvessa (D:4)
  A scorpion (D:4)
  Dowan (D:4)
  A crimson imp (D:4)
  A hound (D:4)
  An orc priest (D:2)
  An iguana (D:5)
  Ijyb (D:4)
  4 gnolls (D:3)
  5 adders
  A white imp (D:4)
  A worm (D:3)
  7 orcs
  5 endoplasms
  A giant cockroach (D:2)
  6 hobgoblins
  10 jackals
  3 quokkas
  6 ball pythons
  6 bats
  3 frilled lizards
  7 goblins
  7 kobolds
  6 rats
86 creatures vanquished.

Vanquished Creatures (others)
  2 fungi (D:4)
2 creatures vanquished.

Grand Total: 88 creatures vanquished

Notes
Turn   | Place    | Note
-------+----------+-------------------------------------------
     0 | D:1      | tilp the Merfolk Gladiator began the quest for the Orb.
     0 | D:1      | Reached XP level 1. HP: 16/16 MP: 1/1
   405 | D:1      | Reached XP level 2. HP: 23/23 MP: 2/2
   456 | D:1      | You fall into a shaft and drop 1 floor!
  1135 | D:2      | Reached XP level 3. HP: 29/29 MP: 3/3
  1145 | D:2      | Reached skill level 5 in Polearms
  1437 | D:2      | Reached XP level 4. HP: 21/37 MP: 4/4
  2108 | D:2      | Found a faded altar of an unknown god.
  2442 | D:3      | Reached skill level 6 in Polearms
  2614 | D:3      | Reached XP level 5. HP: 42/42 MP: 5/5
  3511 | D:3      | Found a sacrificial altar of Ru.
  3773 | D:4      | Found a hide-covered altar of Uskayaw.
  3773 | D:4      | Noticed Ijyb
  3797 | D:4      | Killed Ijyb
  3798 | D:4      | Reached XP level 6. HP: 27/50 MP: 6/6
  3799 | D:4      | Found a shadowy altar of Dithmenos.
  4071 | D:4      | Noticed Grinder
  4253 | D:4      | Reached skill level 5 in Fighting
  4253 | D:4      | Reached skill level 7 in Polearms
  4326 | D:4      | Noticed Dowan
  4625 | D:4      | Noticed Duvessa
  4638 | D:4      | Killed Duvessa
  4660 | D:4      | Killed Dowan
  4661 | D:4      | Reached XP level 7. HP: 53/57 MP: 7/7
  5035 | D:4      | Reached skill level 8 in Polearms
  5083 | D:4      | Found a runed translucent door.
  5084 | D:4      | Noticed Crazy Yiuf
  5126 | D:5      | Entered Level 5 of the Dungeon
  5126 | D:5      | Noticed Edmund
  5241 | D:5      | HP: 1/87 [poisoned by Edmund]
  5242 | D:5      | Succumbed to Edmund's poison

Illustrated notes

Levels and vault maps discovered:
D:1:      nzn_arrival_crosshair, layout_loops_corners, minmay_ruptured
D:2:      layout_rooms, shapermc_ecumenical_altar_mp_highgroup,
          kennysheep_nondescript
D:3:      layout_rooms, mainiacjoe_overflow_alcove_2
D:4:      layout_loops_ring, mainiacjoe_overflow_divided_tiny,
          minmay_fire_ice_demons, uniq_ijyb, uniq_crazy_yiuf_cottage,
          uniq_duvessa, uniq_grinder
D:5:      layout_loops_ring, mainiacjoe_overflow_large_starburst,
          minmay_temple_entry_fiery, serial_glass, glass_columns_b,
          glass_columns_a, glass_columns_b, glass_columns_c, glass_columns_b,
          glass_columns_c, glass_columns_c, glass_columns_c, glass_columns_a,
          glass_columns_c, uniq_pikel, uniq_edmund

Skill      XL: |  1  2  3  4  5  6  7 |
---------------+----------------------+-----
Fighting       | 3 4 5 6 |  6.0
Polearms       | 5 6 7 8 |  8.1
Throwing       | |  2.0
Dodging        | |  4.0

Action                   |  1- 3 |  4- 6 |  7- 9 || total
-------------------------+-------+-------+-------++-------
Melee: Trident           |    67 |   270 |    77 ||   414
       Punch             |     1 |     2 |       ||     3
  Use: Scroll            |     2 |     5 |     3 ||    10
       Potion            |       |     1 |     5 ||     6
 Stab: Invisible         |       |       |     3 ||     3
Armor: Leather armour    |    19 |     7 |       ||    26
       Ring mail         |       |    59 |     8 ||    67
       Skin              |       |    22 |    21 ||    43
Dodge: Dodged            |    47 |   151 |    25 ||   223

Table legend: (Time is in decaauts)
 A = Elapsed time spent in this place.
 B = Non-inter-level travel time spent in this place.
 C = Inter-level travel time spent in this place.
 D = Time resting spent in this place.
 E = Time spent auto-exploring this place.
 F = Levels seen in this place.
 G = Mean time per level.
                   A        B        C        D        E       F      G
               +--------+--------+--------+--------+--------+-----+--------+
         Total |   5230 |   4938 |    292 |   1244 |   2811 |   5 | 1046.0 |
       Dungeon |   5230 |   4938 |    292 |   1244 |   2811 |   5 | 1046.0 |
               +--------+--------+--------+--------+--------+-----+--------+

Top non-repeatable levels by time:
     D:4: 1413 daAuts
     D:1: 1390 daAuts
     D:3: 1203 daAuts
     D:2: 1160 daAuts
     D:5: 62 daAuts
